 Dungeon Crawl Stone Soup version 0.30-a0-793-g160f7cfddd (webtiles) character file.

Game seed: 18145120926952148002

158 cheesebisquit the Chopper (level 5, -4/47 HPs)
             Began as a Hill Orc Fighter on Feb 20, 2023.
             Slain by a river rat (6 damage)
             ... in a sewer.
             The game lasted 00:08:34 (2249 turns).

cheesebisquit the Chopper (Hill Orc Fighter)        Turns: 2249, Time: 00:08:34

Health: -4/47      AC:  7    Str: 21    XL:     5   Next: 40%
Magic:  5/5        EV:  9    Int:  8    God:
Gold:   113        SH:  4    Dex: 10    Spells: 4/4 levels left

rFire   . . .      SeeInvis .    a - +0 war axe
rCold   . . .      Faith    .    c - +0 buckler
rNeg    . . .      Spirit   .    b - +0 scale mail
rPois   .          Reflect  .    (no helmet)
rElec   .          Harm     .    (no cloak)
rCorr   .          Rampage  .    (no gloves)
Will    .....                    (no boots) Stlth
                                 (no amulet)
HPRegen 0.27/turn                (no ring)
MPRegen 0.09/turn                (no ring)

@: no status effects
A: no striking features
a: no special abilities


You were in a sewer.
You visited 1 branch of the dungeon, and saw 3 of its levels.
You also visited: Sewer.

You collected 113 gold pieces.

Inventory:

Hand Weapons
 a - a +0 war axe (weapon)
Missiles
 n - 2 poisoned darts (quivered)
 o - 5 boomerangs
Armour
 b - a +0 scale mail (worn)
 c - a +0 buckler (worn)
 i - a +0 leather armour of fire resistance
Jewellery
 q - an amulet of the acrobat
Scrolls
 e - a scroll of enchant armour {unknown}
 h - a scroll of teleportation {unknown}
 j - a scroll of identify {unknown}
 k - a scroll of amnesia {unknown}
 m - a scroll of silence {unknown}
 s - a scroll of fog {unknown}
 u - a scroll of fear {unknown}
Potions
 d - a potion of might
 f - a potion of heal wounds {unknown}
 g - a potion of resistance {unknown}
 l - a potion of degeneration {unknown}
 p - a potion of invisibility {unknown}
 r - a potion of berserk rage {unknown}
 t - a potion of curing {unknown}


   Skills:
 + Level 4.6 Fighting
 * Level 4.9 Axes
 + Level 4.0 Armour
 + Level 4.1 Shields


You had 4 spell levels left.
You didn't know any spells.
Your spell library was empty.

Dungeon Overview and Level Annotations

Branches:
Dungeon (3/15)              Sewer (1/1)

Altars:
Ashenzari


Message History

You hit the river rat but do no damage. You hit the river rat.
You block the river rat's attack. The river rat barely misses you. x2
You barely miss the river rat. You closely miss the river rat. x2
The river rat bites you. x2; You block the river rat's attack.
The river rat barely misses you. The river rat bites you.
The river rat closely misses you.
You hit the river rat but do no damage.
The river rat is moderately wounded.
You slash the river rat! You closely miss the river rat.
The river rat bites you.
* * * LOW HITPOINT WARNING * * *
You block the river rat's attack. x2
You hit the river rat.
The river rat is almost dead.
You hit the river rat but do no damage. You barely miss the river rat.
The river rat bites you but does no damage. x3
You hit the river rat.
You kill the river rat!
You barely miss the river rat. You hit the river rat but do no damage.
The river rat barely misses you. The river rat bites you.
* * * LOW HITPOINT WARNING * * *
The river rat bites you.
* * * LOW HITPOINT WARNING * * *
You block the river rat's attack. The river rat closely misses you.
The river rat bites you but does no damage.
There is a large open door, spattered with blood here.
You see here a river rat corpse.
You completely miss the river rat.
The river rat is heavily wounded.
You hit the river rat but do no damage. You block the river rat's attack.
The river rat misses you. The river rat attacks as you move away!
The river rat bites you.
* * * LOW HITPOINT WARNING * * *
The river rat bites you.
* * * LOW HITPOINT WARNING * * *
You hit the river rat.
The river rat is severely wounded.
You hit the river rat but do no damage. The river rat bites you.
You die...

###############################
.~~~.~~~~~†~~~~.~~~~.~~~≈≈≈≈≈≈≈
≈≈≈≈≈≈≈≈≈≈≈≈≈≈≈≈≈≈≈≈≈≈≈.≈≈≈≈≈≈≈
~.~~~.w.~~~~~~~~.~~.~~≈~≈≈≈≈≈≈≈
#####################~≈~#######
###### #~≈~# #....# #~≈.#
++#####'r#####~≈~#
........r@.~.~~~.#
...........~~~~†.#
++#####''#####~≈~# #....# #~≈~#
###### #~≈.#
#####################†≈~#
~~~~~~~~.~~~~...~~~~~~≈~#
≈≈≈≈≈≈≈≈≈≈≈≈≈≈≈≈≈≈≈≈≈~≈.#
~~~.~~~†~~~.~~~~~~~~~~≈~#


You could see 2 river rats.

Vanquished Creatures
  5 adders (D:2)
  3 river rats
  A worm (D:2)
  A dart slug (D:1)
  6 bats
  8 endoplasms
  6 giant cockroaches
  9 goblins
  4 hobgoblins
  A jackal (Sewer)
  6 quokkas
  10 ball pythons
  7 frilled lizards
  5 kobolds
  9 rats
81 creatures vanquished.

Notes
Turn   | Place    | Note
-------+----------+-------------------------------------------
     0 | D:1      | cheesebisquit the Hill Orc Fighter began the quest for the
                  | Orb.
     0 | D:1      | Reached XP level 1. HP: 19/19 MP: 1/1
   154 | D:1      | Reached XP level 2. HP: 26/27 MP: 2/2
   446 | D:1      | Reached XP level 3. HP: 33/33 MP: 3/3
  1184 | D:2      | Reached XP level 4. HP: 40/40 MP: 4/4
  1661 | D:2      | Found a broken altar of Ashenzari.
  1918 | D:3      | Found a glowing drain.
  1939 | D:3      | Reached XP level 5. HP: 24/47 MP: 5/5
  1947 | Sewer    | Entered a sewer
  2248 | Sewer    | HP: 1/47 [river rat (2)]
  2249 | Sewer    | Slain by a river rat

Illustrated notes

Levels and vault maps discovered:
D:1:      dpeg_arrival_pits, layout_loops_ring, chequers_serial_rivers_micro_d,
          corexii_corridor_pit, minmay_misc_feat_encased, st_stairs_13,
          minmay_stone_trees_small
D:2:      minmay_inner_zag, layout_loops_ring, basic_altar,
          minmay_misc_feat_five, kennysheep_small_spiral
D:3:      layout_rooms, mainiacjoe_overflow_catch_the_wave,
          cheibrodos_sewer_entry_sluice
Sewer:    sewer_fruit_machine

Skill      XL: |  1  2  3  4  5 |
---------------+----------------+-----
Axes           | 3 4 |  4.9
Fighting       | 4 |  4.6
Armour         | 4 |  4.0
Shields        | 4 |  4.1

Action                     |  1- 3 |  4- 6 || total
---------------------------+-------+-------++-------
  Melee: War axe           |   117 |   136 ||   253
 Armour: Scale mail        |    57 |    51 ||   108
  Dodge: Dodged            |    56 |    75 ||   131
  Block: Buckler           |    21 |    37 ||    58

Table legend: (Time is in decaauts)
 A = Elapsed time spent in this place.
 B = Non-inter-level travel time spent in this place.
 C = Inter-level travel time spent in this place.
 D = Time resting spent in this place.
 E = Time spent auto-exploring this place.
 F = Levels seen in this place.
 G = Mean time per level.
                   A        B        C        D        E       F      G
               +--------+--------+--------+--------+--------+-----+--------+
         Total |   2401 |   2323 |     78 |     17 |   1629 |   4 |  600.2 |
       Dungeon |   2016 |   1938 |     78 |     17 |   1447 |   3 |  672.0 |
         Sewer |    385 |    385 |      0 |      0 |    182 |   1 |  385.0 |
               +--------+--------+--------+--------+--------+-----+--------+

Top non-repeatable levels by time:
     D:2: 1071 daAuts
     D:1: 847 daAuts
   Sewer: 385 daAuts
     D:3: 97 daAuts
